Cogmind - Beta 14 @@@ ROGUE MODE // 2024.11.05 @ 00:17:00 Player: Kole Result: Destroyed by D-53 Grenadier with Mini Grenade Launcher Performance ------------- Evolutions (1) 500 Regions Visited (4) 800 Robots Destroyed (45) 225 Value Destroyed (1001) 1001 Prototype IDs (1) 20 Alien Tech Used (0) 0 Bonus (-3) -3 TOTAL SCORE: 2543 Bonus ------- High Alert Combat Kills 10 Friendly Fire -13 Cogmind --------- Core Integrity 0/400 Matter 149/300 Energy 100/100 System Corruption 0% Temperature Cool (3) Movement Walking (125) Location -9/Mines Parts ------- > --- POWER (1) -------- (None) > --- PROPULSION (4) --- Aluminum Leg Titanium Leg > --- UTILITY (2) ------ Large Storage Unit Signal Interpreter > --- WEAPON (2) ------- (None) > --- INVENTORY (15) --- Light Nuclear Core Aluminum Leg Flight Unit Flight Unit Flight Unit Weight Redist. System Signal Interpreter Hacking Suite Tractor Beam Improved Assault Rifle Improved Assault Rifle Improved Assault Rifle Rocket Launcher Peak State ------------ > --- POWER ------------ Ion Engine > --- PROPULSION ------- Aluminum Leg Aluminum Leg Carbon-fiber Leg Titanium Leg > --- UTILITY ---------- Large Storage Unit Structural Scanner > --- WEAPON ----------- Improved Assault Rifle Minigun > --- INVENTORY -------- Light Nuclear Core Aluminum Leg Aluminum Leg Flight Unit Flight Unit Flight Unit Medium Battery Signal Interpreter Tractor Beam Heavy Assault Rifle Improved Assault Rifle Grenade Launcher Grenade Launcher Mini Grenade Launcher [Rating: 19] Favorites ----------- Power Ion Engine Engine Ion Engine Propulsion Aluminum Leg Leg Aluminum Leg Utility Small Storage Unit Device Structural Scanner Storage Small Storage Unit Processor Signal Interpreter Weapon Medium Laser Energy Gun Medium Laser Ballistic Gun Minigun Launcher Rocket Launcher Build | -11 -10 -10 -9 -9 ------- Run | Yrd Mat Min Mat Min Slots Evolved 2 | . . . 2 . Power . | . . . . . Propulsion 2 | . . . 2 . Utility . | . . . . . Weapon . | . . . . . Parts Attached 30 | 6 7 4 11 2 Power 2 | 1 . 1 . . Engine 2 | 1 . 1 . . Core . | . . . . . Reactor . | . . . . . Propulsion 11 | 2 1 1 6 1 Treads . | . . . . . Leg 11 | 2 1 1 6 1 Wheel . | . . . . . Hover . | . . . . . Flight . | . . . . . Utility 6 | 1 3 . 2 . Device 3 | . 3 . . . Storage 2 | 1 . . 1 . Processor 1 | . . . 1 . Hackware . | . . . . . Protection . | . . . . . Artifact . | . . . . . Weapon 11 | 2 3 2 3 1 Energy Gun 5 | 2 3 . . . Energy Cannon . | . . . . . Ballistic Gun 3 | . . 2 1 . Ballistic Cannon . | . . . . . Launcher 3 | . . . 2 1 Special Weapon . | . . . . . Impact Weapon . | . . . . . Slashing Weapon . | . . . . . Piercing Weapon . | . . . . . Special Melee Weapon . | . . . . . Unidentified Prototypes 1 | . . . 1 . Parts Lost 8 | . . . 1 7 Power 1 | . . . . 1 Propulsion 3 | . . . . 3 Utility 1 | . . . 1 . Weapon 3 | . . . . 3 Highest Loss Streak 7 | . . . 1 7 To Critical Strikes . | . . . . . Average Slot Usage (%) 99 | . 99 99 98 98 Engine 12 | . 14 14 11 11 Leg 34 | . 28 28 44 43 Device 10 | . 13 14 6 . Storage 12 | . 14 14 11 11 Processor 2 | . . . 3 11 Energy Gun 14 | . 28 19 3 . Ballistic Gun 8 | . . 8 13 11 Launcher 2 | . . . 4 10 Peak Build Rating 19 | 6 7 11 19 18 Average Rating 11 | 4 6 8 16 17 On Entrance 8 | . 6 7 11 18 Naked Turns . | . . . . . Heaviest Build 32 | 13 14 16 32 32 Greatest Support 52 | 20 20 27 52 52 Greatest Overweight (x) . | . . . . . Average Overweight (x) . | . . . . . Largest Inventory Capacity 15 | 8 8 8 15 15 Average Capacity 10 | 6 8 8 13 15 Most Carried 15 | 5 8 8 15 15 Average Carried 9 | 2 6 7 12 14 Final Capacity 15 | 8 8 8 15 15 Final Carried 15 | 2 8 8 15 13 Class Distribution -------------------- 82% | Mutant 17% | Scavenger-Mutant Dominant Class ---------------- Mutant | -10/Materials Mutant | -10/Mines Mutant | -9/Materials Scavenger-Mutant | -9/Mines Resources | -11 -10 -10 -9 -9 ----------- Run | Yrd Mat Min Mat Min Matter Collected 857 | 213 165 82 335 62 Remotely . | . . . . . Salvage Created 1076 | . 260 86 570 160 Parts 84 | . 17 8 52 7 Haulers Intercepted 1 | . . . 1 . Recyclers Shooed 2 | . 1 . 1 . Parts Field Recycled . | . . . . . Retrieved Matter . | . . . . . Parts Self-Destructed . | . . . . . Prevented . | . . . . . Kills | -11 -10 -10 -9 -9 ------- Run | Yrd Mat Min Mat Min Combat Hostiles Destroyed 33 | . 8 4 15 6 Guns 22 | . 8 4 9 1 AOE 11 | . . . 6 5 Classes Destroyed 10 | . 2 . 8 . Worker 3 | . . . 2 1 Tunneler 1 | . . . 1 . Hauler 1 | . . . 1 . Recycler 1 | . . . 1 . Mechanic 1 | . . . 1 . Operator 1 | . . . 1 . Watcher 4 | . . . 4 . Swarmer 13 | . 3 3 7 . Grunt 19 | . 5 1 7 6 Sentry 1 | . . . 1 . Best Kill Streak 5 | . 3 3 5 4 Combat Bots Only 5 | . 3 3 5 3 Max Kills in Single Turn 2 | . 2 1 2 2 Gunslinging 1 | . 1 . . . Exploded 2 | . . . 1 2 Melee . | . . . . . Uniques/NPCs Destroyed . | . . . . . Combat | -11 -10 -10 -9 -9 -------- Run | Yrd Mat Min Mat Min Hostile Shots Fired 154 | . 22 19 77 36 Missed 36 | . 4 3 25 4 Damage Taken 1830 | . 200 131 538 961 Core 470 | . 50 18 76 326 Absorbed by Shields . | . . . . . Core Remaining (%) 86 | 100 . 72 . . Volleys Fired 98 | . 23 14 51 10 Largest 2 | . 2 2 2 2 Hottest 90 | . 90 90 75 56 Shots Fired 187 | . 45 28 97 17 Gun 166 | . 45 28 83 10 Cannon . | . . . . . Launcher 21 | . . . 14 7 Special . | . . . . . Kinetic 75 | . . 5 60 10 Thermal 91 | . 45 23 23 . Explosive 21 | . . . 14 7 Electromagnetic . | . . . . . Robot Hit Streak 10 | . 6 4 10 5 Robot Miss Streak 4 | . 4 3 4 2 Penetration Max . | . . . . . Secondary Targets 3 | . 1 . 2 . Max Gunslinging Chain 1 | . 1 . 1 . Shots Hit Robots 107 | . 26 16 56 9 Core Hits 74 | . 15 6 38 15 Critical Kills . | . . . . . Critical Parts Destroyed 1 | . . . 1 . Critical Strikes 5 | . 3 1 1 . Burn 4 | . 3 1 . . Destroy 1 | . . . 1 . Melee Attacks . | . . . . . Impact . | . . . . . Slashing . | . . . . . Piercing . | . . . . . Sneak Attacks . | . . . . . Combat Hostiles . | . . . . . Follow-up Attacks . | . . . . . Damage Inflicted 2733 | . 302 186 1603 642 Guns 1327 | . 302 186 766 73 Cannons . | . . . . . Explosions 1399 | . . . 830 569 Melee . | . . . . . Ramming 7 | . . . 7 . Kinetic 718 | . . 40 605 73 Thermal 609 | . 302 146 161 . Explosive 1399 | . . . 830 569 Electromagnetic . | . . . . . Impact . | . . . . . Slashing . | . . . . . Piercing . | . . . . . Highest Corruption 1 | . 1 1 . . Average Corruption 1 | . 1 1 . . Corruption Purged . | . . . . . Corruption Blocked . | . . . . . Effects 4 | . 1 3 . . Message Errors 2 | . . 2 . . Matter Fused 1 | . . 1 . . Data Loss (major) 1 | . 1 . . . Overload Shots . | . . . . . Overflow Damage 41 | . . . 41 . Projectiles . | . . . . . Explosions 41 | . . . 41 . Melee . | . . . . . Knockbacks . | . . . . . Impact . | . . . . . Kinetic . | . . . . . Secondary . | . . . . . Self-Inflicted Damage 177 | . . . 51 126 Shots 6 | . . . 2 4 Rammed . | . . . . . Targets Rammed 1 | . . . 1 . Kicked 1 | . . . 1 . Crushed . | . . . . . Highest Temperature 327 | . 327 270 73 21 Average Temperature 78 | . 122 106 24 5 Received Heat Transfer 339 | . 93 24 108 114 Effects 3 | . 3 . . . Energy Bleed 2 | . 2 . . . Short Circuit 1 | . 1 . . . Siege Activations . | . . . . . Robots Corrupted . | . . . . . Combat Hostiles . | . . . . . Parts Fried . | . . . . . Impact Corruptions . | . . . . . Robots Melted . | . . . . . Combat Hostiles . | . . . . . Parts Melted 2 | . . 2 . . Heat Transferred 1943 | . 968 494 481 . Parts Sabotaged . | . . . . . Parts Stolen . | . . . . . Parts Stripped . | . . . . . Power Chain Reactions . | . . . . . Alert | -11 -10 -10 -9 -9 ------- Run | Yrd Mat Min Mat Min Peak Influence 478 | . 215 81 478 366 Initial 181 | . . 11 11 181 Average 128 | . 94 38 263 215 Maximum Alert Level 2 | . 1 . 2 1 Low Security (%) 72 | 100 82 100 24 71 Level 1 20 | . 17 . 52 28 Level 2 6 | . . . 23 . Level 3 . | . . . . . Level 4 . | . . . . . Level 5 . | . . . . . High Security . | . . . . . Max Security . | . . . . . Squads Dispatched 9 | . 3 1 4 1 Investigation 4 | . 2 1 1 . Extermination . | . . . . . Reinforcement 4 | . 1 . 3 . Assault 1 | . . . . 1 Garrison . | . . . . . Intercept . | . . . . . Searches Triggered . | . . . . . Construction Impeded 1 | . . . 1 . Haulers Reinforced . | . . . . . Active Scanning Responses . | . . . . . Cargo Convoy Interrupts . | . . . . . Stealth | -11 -10 -10 -9 -9 --------- Run | Yrd Mat Min Mat Min Distress Signals 4 | . . . 4 . Communications Jammed . | . . . . . Distress Signals . | . . . . . Times Spotted 53 | . 11 5 27 10 Peak Tracking Total 6 | . 3 3 6 6 Tactical Retreats 2 | . . . 2 . Traps | -11 -10 -10 -9 -9 ------- Run | Yrd Mat Min Mat Min Traps Triggered 2 | . 2 . . . Indirectly . | . . . . . Trap Hack Attempts . | . . . . . Triggered . | . . . . . Disarmed . | . . . . . Reprogrammed . | . . . . . Reused . | . . . . . Traps Extracted . | . . . . . Installed . | . . . . . Triggered . | . . . . . Machines | -11 -10 -10 -9 -9 ---------- Run | Yrd Mat Min Mat Min Machines Disabled 4 | . . . 3 1 Max in Single Turn 2 | . . . 2 1 Machines Repaired . | . . . . . Machines Dismantled . | . . . . . Machines Sabotaged . | . . . . . Overloaded Fab Kills . | . . . . . Hacking | -11 -10 -10 -9 -9 --------- Run | Yrd Mat Min Mat Min Machines Accessed 5 | . 2 1 2 . Terminals 3 | . 1 . 2 . Fabricators . | . . . . . Repair Stations . | . . . . . Recycling Units 1 | . 1 . . . Scanalyzers . | . . . . . Garrison Access . | . . . . . Total Hacks 12 | . 5 1 6 . Successful 6 | . 3 1 2 . Failed 6 | . 2 . 4 . Catastrophic 1 | . . . 1 . Database Lockouts . | . . . . . Manual 6 | . 3 . 3 . Terminals 9 | . 3 . 6 . Fabricators . | . . . . . Repair Stations . | . . . . . Recycling Units 2 | . 2 . . . Scanalyzers . | . . . . . Garrison Access . | . . . . . Terminal Hacks 1 | . . 1 . . Open Door 1 | . . 1 . . Fabricator Hacks . | . . . . . Repair Station Hacks . | . . . . . Recycling Unit Hacks 2 | . 2 . . . Process 1 | . 1 . . . Retrieve Matter 1 | . 1 . . . Scanalyzer . | . . . . . Garrison Access Hacks . | . . . . . Unauthorized Hacks 3 | . 1 . 2 . Terminals 3 | . 1 . 2 . Botnet 3 | . 1 . 2 . Fabricators . | . . . . . Repair Stations . | . . . . . Recycling Units . | . . . . . Scanalyzers . | . . . . . Garrison Access . | . . . . . Data Cores Recovered . | . . . . . Used . | . . . . . Hacking Detections 4 | . 2 . 2 . Full Trace Events 2 | . 1 . 1 . Feedback Events . | . . . . . Feedback Blocked . | . . . . . Robot Schematics Acquired . | . . . . . Robots Built . | . . . . . Authchips . | . . . . . Time . | . . . . . Total Robot Build Rating . | . . . . . Part Schematics Acquired . | . . . . . Parts Built . | . . . . . Authchips . | . . . . . Time . | . . . . . Total Part Build Rating . | . . . . . Parts Repaired . | . . . . . Time . | . . . . . Parts Recycled . | . . . . . Recycled Matter 113 | . 113 . . . Retrieved Matter 113 | . 113 . . . Retrieved Components . | . . . . . Parts Scanalyzed . | . . . . . Part Schematics Acquired . | . . . . . Parts Damaged . | . . . . . Bothacking | -11 -10 -10 -9 -9 ------------ Run | Yrd Mat Min Mat Min Used RIF Installer . | . . . . . Robots Hacked . | . . . . . Non-combat . | . . . . . Combat . | . . . . . Robot Hacks Applied . | . . . . . Relay Couplers Released . | . . . . . Fabnet Peak Effective % . | . . . . . Robots Rewired . | . . . . . Allies Hacked . | . . . . . Hacks Repelled . | . . . . . Allies | -11 -10 -10 -9 -9 -------- Run | Yrd Mat Min Mat Min Total Allies 1 | . . . . 1 Largest Group 1 | . . . . 1 Highest-Rated Group 31 | . . . . 31 Highest-Rated Ally 31 | . . . . 31 Total Orders . | . . . . . Ally Attacks 7 | . . . . 7 Total Damage 102 | . . . . 102 Kills . | . . . . . Allies Corrupted . | . . . . . Allies Melted . | . . . . . Intel | -11 -10 -10 -9 -9 ------- Run | Yrd Mat Min Mat Min Robot Analysis Total . | . . . . . Derelict Logs Recovered 2 | . . 1 . 1 Drone Launches . | . . . . . Drone Recoveries . | . . . . . Exploration | -11 -10 -10 -9 -9 ------------- Run | Yrd Mat Min Mat Min Turns Passed 2056 | 67 428 789 573 199 Spaces Moved 1345 | 47 261 604 304 129 Core 9 | 9 . . . . Treads . | . . . . . Legs 1336 | 38 261 604 304 129 Wheels . | . . . . . Hover . | . . . . . Flight . | . . . . . Fastest Speed 50 | 50 120 120 122 122 Average Speed 120 | 106 120 121 122 122 Slowest Speed 125 | 120 120 125 122 125 Overloaded Moves . | . . . . . Propulsion Burnouts . | . . . . . Robots Hopped . | . . . . . Cave-ins Triggered . | . . . . . Exploration Rate (%) 38 | 4 40 98 24 26 Regions Visited 4 Branch Regions 2 Pre-discovered Areas 1 | . . . . 1 Known Exits Taken 1 | . . . 1 . Unknown Exits Taken 3 | 1 1 1 . . Scrap Searched 2 | . . 1 . 1 Spaces Dug 13 | . . . 9 4 Terrain Destroyed 138 | . . . 80 58 Melee . | . . . . . Projectile . | . . . . . AOE 138 | . . . 80 58 Terrain Rammed . | . . . . . Walls Destroyed . | . . . . . Machines Disabled . | . . . . . Actions | -11 -10 -10 -9 -9 --------- Run | Yrd Mat Min Mat Min Total 1602 | 64 332 631 420 155 Wait 72 | 4 28 3 25 12 Move 1341 | 46 260 603 303 129 Hop . | . . . . . Pick Up 36 | 8 8 2 17 1 Fast Attach 4 | . 2 1 1 . Attach 12 | 6 1 . 3 2 Detach . | . . . . . Swap 14 | . 4 3 7 . Drop 24 | . 6 5 12 1 Fire 98 | . 23 14 51 10 Melee . | . . . . . Ram . | . . . . . Kick 1 | . . . 1 . Crush . | . . . . . Escape Stasis . | . . . . . Rewire . | . . . . . Trap . | . . . . . Miscellaneous . | . . . . . Route ------- -11/Scrapyard -10/Materials -10/Mines (discovered 2 exits: *Mat x2) -9/Materials -9/Mines (discovered 1 exit: *Mat) History --------- Turn | Location | Event 18 | -11/Scrapyard | Discovered new exit (range 15) 68 | -11/Scrapyard | Entered Materials 325 | -10/Materials | Build established: Mutant 488 | -10/Materials | Discovered new exit (range 7) 496 | -10/Materials | Entered Mines 584 | -10/Mines | Discovered new exit (range 10) 940 | -10/Mines | Discovered new exit (range 15) 974 | -10/Mines | Met a Derelict shopkeep closing up shop 1099 | -10/Mines | Learned 2 Materials zone layouts 1285 | -10/Mines | Entered Materials 1285 | -9/Materials | Evolved 2 slots: Propulsion x2 1740 | -9/Materials | Discovered new exit (range 10) 1764 | -9/Materials | Identified exit to Mines 1858 | -9/Materials | Entered Mines 1872 | -9/Mines | Received a Rocket Launcher from a helpful Derelict 1900 | -9/Mines | Learned location of Zion (-7) 1948 | -9/Mines | Met a Derelict testing a Signal Generator 1988 | -9/Mines | Build established: Scavenger-Mutant 1996 | -9/Mines | Discovered new exit (range 4) 2000 | -9/Mines | Identified exit to Materials 2026 | -9/Mines | Assembled infested the area 2045 | -9/Mines | Core integrity fell below 50% 2051 | -9/Mines | Core integrity fell below 20% 2057 | -9/Mines | Destroyed by D-53 Grenadier with Mini Grenade Launcher Last Messages --------------- 02044_ G-34 Mercenary unfolds itself. 02044_ M-13 Machinist unfolds itself. 02046_ The unstable cave ceiling collapses. 02046_ G-34 Mercenary destroyed. 02046_ G-47 Trooper destroyed. 02049_ The unstable cave ceiling collapses. 02049_ G-34 Mercenary destroyed. 02050_ The unstable cave ceiling collapses. 02050_ Carbon-fiber Leg destroyed. 02051_ The unstable cave ceiling collapses. 02051_ Aluminum Leg crushed. 02052_ Imp. Assault Rifle destroyed. 02053_ The unstable cave ceiling collapses. 02053_ Rocket Launcher destroyed. 02054_ The unstable cave ceiling collapses. 02054_ Aluminum Leg destroyed. 02055_ The unstable cave ceiling collapses. 02056_ G-34 Mercenary destroyed. 02057_ The unstable cave ceiling collapses. 02057_ Ion Engine destroyed. Map ----- +----------------------------------------------------+ | ???????????????????????????# #?## ## | | ????????????????????????????# #?# #### # | | ?????????????????????????????# #?# ##??## # | | ?????????????????????????????# ### #????## | | ?????????????????????????????# #?????## | | ?????????????????????????????# ### #??????# | | ???????????????????????#######" #?# #??????## | | ???????????????????????# "%"#?# ##???????## | | ????????????????????????# ### #?????????## | | ?????????????????????????# # ##??????????? | | ?????????????????????????# ##???????????? | | ????????????????????????## #????????????? | | ???????????????????????## ##????????????? | | ???????????????????????# ##?????????????? | | ???????????????????????# #??????????????? | | ???????????????????????## ##??????????????? | | ????????????????????????## d ####????????????? | | ????????????????????????### ##???????????? | | ???????????????????????## #???????????? | | ??????????????????????## % ###?????????? | | ?????????????????????## #?????????? | | ?????????????????????# < ##?????????? | | ?????????????????????# ##??????????? | | ?????????????????????# # #??????????? | | ???????????????????### ##??????????? | | ???????????????????# = @ #???????????? | | ???????????????????# % #??????????? | | ?????????????? a [%= #########??????????? | | ????????????? #### # # ##??????????????????? | | ?????????????????#?## #####???????????????????? | | ????????????????????#####????????????????????????? | | ?????????????????????????????????????????????????? | | ?????????????????????????????????????????????????? | | ?????????????????????????????????????????????????? | | ?????????????????????????????????????????????????? | | ?????????????????????????????????????????????????? | | ?????????????????????????????????????????????????? | | ?????????????????????????????????????????????????? | | ?????????????????????????????????????????????????? | | ?????????????????????????????????????????????????? | | ?????????????????????????????????????????????????? | | ?????????????????????????????????????????????????? | | ?????????????????????????????????????????????????? | | ?????????????????????????????????????????????????? | | ?????????????????????????????????????????????????? | | ?????????????????????????????????????????????????? | | ?????????????????????????????????????????????????? | | ?????????????????????????????????????????????????? | | ?????????????????????????????????????????????????? | | ?????????????????????????????????????????????????? | +----------------------------------------------------+ Best States ------------- Heat Dissipation 28 Energy Generation 10 Energy Capacity 250 Matter Stores 300 Matter Capacity 300 Sight Range 16 Terrain Scan Range 14 Terrain Scan Density 10 Evasion (%) 55 Item Schematics ----------------- None Robot Schematics ------------------ None Fabricated ------------ Nothing Alien Tech Used ----------------- None Achievements -------------- None Challenges ------------ None Game ------ Seed AntigravKineticFilter Manual? 0 Play Time 00:24:08 Cumulative 11.6 hours Start 2024.11.04 @ 23:42:42 End 2024.11.05 @ 00:17:00 Sessions 1 Manual Loads 0 Difficulty Rogue Special Mode None Game No. 20 Rogue 20 Adventurer 0 Explorer 0 Win Type - Total 0 Types 0/0/0/0/0/0/0/0/0 Lore% 10 Gallery% 17 Achievement% 14 Wizard Run 0 Options --------- Layout 1 ASCII 0 Keyboard 0 Movement Arrows Keybinds 0 Fullscreen 2 Font 24/Smallcaps Map View 50x35 Zoom Use 0% Tactical HUD 1 Map Filters NONE Filters NONE Steam 1 RUN: 2e4fd10b-42b3-4520-a646-95a39d69cc64